 Dungeon Crawl Stone Soup version 0.30-a0-1160-g6e42c06 (webtiles) character file.

Game seed: 16823226497091365674

212 Dorkslayer the Covered (level 5, 0/33 HPs)
             Began as a Gargoyle Fighter on Apr 25, 2023.
             Slain by Edmund
             ... wielding a +3 flail of protection
              (11 damage)
             ... on level 4 of the Dungeon.
             The game lasted 00:05:02 (2167 turns).

Dorkslayer the Covered (Gargoyle Fighter)           Turns: 2167, Time: 00:05:03

Health: 0/33       AC: 12    Str: 19    XL:     5   Next: 89%
Magic:  5/5        EV: 10    Int:  9    God:
Gold:   147        SH:  4    Dex: 11    Spells: 4/4 levels left

rFire   . . .        a - +0 war axe
rCold   . . .        c - +0 buckler
rNeg    + . .        b - +0 scale mail
rPois   ∞            (no helmet)
rElec   +            (no cloak)
rCorr   .            (no gloves)
SInv    .            w - +0 pair of boots
Will    .....        (no amulet) Stlth
                     (no ring)
HPRegen 0.25/turn    (no ring)
MPRegen 0.09/turn

%: no passive effects
@: mighty
A: sickness immunity, AC +4, negative energy resistance 1, electricity
resistance, torment resistance 1, petrification resistance
a: no special abilities


You were on level 4 of the Dungeon.
You visited 1 branch of the dungeon, and saw 4 of its levels.

You collected 147 gold pieces.

Inventory:

Hand Weapons
 a - a +0 war axe (weapon)
Missiles
 g - 3 javelins (quivered)
Armour
 b - a +0 scale mail (worn)
 c - a +0 buckler (worn)
 w - a +0 pair of boots (worn)
Scrolls
 e - 2 scrolls of butterflies {unknown}
 f - a scroll of vulnerability {unknown}
 h - a scroll of enchant armour {unknown}
 i - 2 scrolls of poison {unknown}
 l - 2 scrolls of identify {unknown}
 o - 2 scrolls of noise {unknown}
 p - 3 scrolls of enchant weapon {unknown}
 r - a scroll of fear {unknown}
 s - a scroll of blinking {unknown}
Potions
 j - a potion of curing {unknown}
 k - a potion of flight {unknown}
 m - a potion of degeneration {unknown}
 n - 2 potions of heal wounds {unknown}
 q - a potion of mutation {unknown}
 t - a potion of brilliance {unknown}
 u - a potion of magic {unknown}
 v - a potion of invisibility {unknown}


   Skills:
 + Level 4.0 Fighting
 + Level 3.2 Axes
 + Level 4.0 Armour
 * Level 2.3 Dodging
 + Level 3.6 Shields


You had 4 spell levels left.
You didn't know any spells.
Your spell library was empty.

Dungeon Overview and Level Annotations

Branches:
Dungeon (4/15)
 Temple: D:4-7

Altars:
Cheibriados
Dithmenos

Annotations:
D:4 Edmund


Innate Abilities, Weirdness & Mutations

You are immune to sickness and miasma.
Your stone body is resilient. (AC +4)
You are immune to poison.
You resist negative energy. (rN+)
You are resistant to electric shocks. (rElec)
You are resistant to unholy torment.
You are immune to petrification.


Message History

The gnoll is almost dead.
The gnoll barely misses you.
You barely miss the gnoll.
The gnoll is almost dead.
The gnoll hits you with a +0 whip of venom.
You slash the gnoll!
You kill the gnoll!
The gnoll hits you but does no damage.
You barely miss the gnoll. You block the gnoll's attack.
You slash the gnoll!
You kill the gnoll!
Your Fighting skill increases to level 4!
You closely miss the gnoll. The gnoll hits you with a +0 flail!
The gnoll hits you with a +0 flail.
You barely miss the gnoll. The gnoll hits you but does no damage.
A sleepcap comes into view.
You slash the gnoll!
The gnoll is almost dead.
You block the gnoll's attack.
You slash the gnoll!
You kill the gnoll!
The sleepcap releases spores at you.
You slash the sleepcap!
The sleepcap is moderately damaged.
You block the sleepcap's attack.
You slash the sleepcap!
The sleepcap is severely damaged.
The sleepcap barely misses you.
You hit the sleepcap.
The sleepcap is severely damaged.
You block the sleepcap's attack. x2
You slash the sleepcap!
You destroy the sleepcap!
Your Dodging skill increases to level 2!
You closely miss Edmund.
Edmund hits you with a +3 flail of protection. x2
You closely miss Edmund. Edmund hits you but does no damage.
You barely miss Edmund.
Edmund hits you with a +3 flail of protection!
You die...

#..# #..#
.# #..# #.
#..###^.#
... .......
....
....##.....
#.........
#@#
#@####.###
#<.)......
#......((.
######(###
#


You could see Edmund.

Vanquished Creatures
  A hound (D:3)
  A sleepcap (D:4)
  An orc wizard (D:3)
  4 gnolls (D:4)
  2 adders (D:2)
  2 dart slugs (D:2)
  3 orcs (D:3)
  5 endoplasms
  2 giant cockroaches
  6 goblins
  5 hobgoblins
  3 jackals (D:2)
  2 quokkas
  9 ball pythons
  4 bats
  2 frilled lizards
  9 kobolds
  3 rats
64 creatures vanquished.

Notes
Turn   | Place    | Note
-------+----------+-------------------------------------------
     0 | D:1      | Dorkslayer the Gargoyle Fighter began the quest for the
                  | Orb.
     0 | D:1      | Reached XP level 1. HP: 14/14 MP: 1/1
   249 | D:1      | Reached XP level 2. HP: 13/19 MP: 2/2
   653 | D:2      | Reached XP level 3. HP: 23/23 MP: 3/3
   819 | D:2      | Reached skill level 1 in Dodging
  1036 | D:2      | Identified the staff of death "Juhoanwa" {rPois rN+ Str+3
                  | Int+3 SInv}
  1050 | D:2      | Reached XP level 4. HP: 28/29 MP: 4/4
  1678 | D:3      | Found a shadowy altar of Dithmenos.
  1682 | D:3      | Found a snail-covered altar of Cheibriados.
  1827 | D:3      | Reached XP level 5. HP: 28/33 MP: 5/5
  2145 | D:4      | Noticed Edmund
  2167 | D:4      | Slain by Edmund

Illustrated notes

Levels and vault maps discovered:
D:1:      dpeg_arrival_three_same_balls, layout_basic, hex_tiny,
          minmay_fountain_box
D:2:      layout_loops_ring
D:3:      layout_loops_corners, grunt_temple_overflow_open, minivault_5
D:4:      layout_loops_ring, nicolae_gozag_cash_rules_everything_around_me,
          marbit_many_paths, okawaru_metal_pillars_1_2, hex_medium, uniq_edmund,
          uniq_natasha

Skill      XL: |  1  2  3  4  5 |
---------------+----------------+-----
Axes           | 2 3 |  3.2
Dodging        | 1 2 |  2.3
Armour         | 4 |  4.0
Fighting       | 4 |  4.0
Shields        | |  3.6

Action                     |  1- 3 |  4- 6 || total
---------------------------+-------+-------++-------
  Melee: War axe           |   110 |    77 ||   187
  Throw: Javelin           |       |     3 ||     3
    Use: Potion            |       |     1 ||     1
 Armour: Scale mail        |    87 |    43 ||   130
  Dodge: Dodged            |    67 |    35 ||   102
  Block: Buckler           |    25 |    20 ||    45

Table legend: (Time is in decaauts)
 A = Elapsed time spent in this place.
 B = Non-inter-level travel time spent in this place.
 C = Inter-level travel time spent in this place.
 D = Time resting spent in this place.
 E = Time spent auto-exploring this place.
 F = Levels seen in this place.
 G = Mean time per level.
                   A        B        C        D        E       F      G
               +--------+--------+--------+--------+--------+-----+--------+
         Total |   2243 |   2243 |      0 |      0 |   1358 |   4 |  560.8 |
       Dungeon |   2243 |   2243 |      0 |      0 |   1358 |   4 |  560.8 |
               +--------+--------+--------+--------+--------+-----+--------+

Top non-repeatable levels by time:
     D:3: 995 daAuts
     D:2: 624 daAuts
     D:1: 592 daAuts
     D:4: 31 daAuts
